NWL
VANCOUVER CANADIANS @ LOS ANGELES N (SS-A) DODGERS
08/15/2098
 
TOP OF THE 1ST
Vancouver Canadians batting - Pitching for Los Angeles N (SS-A) Dodgers : RHP David Teems
Pitching: RHP David Teems
Batting: RHB Matt Larsen 0-0: Ground out 5-3 (Groundball, 5S, EV 66.9 MPH)
Batting: LHB Danny Valenzuelo 0-0: Foul Ball, location: 5FF
0-1: Ball
1-1: Ball
2-1: Ground out 6-3 (Groundball, 6, EV 80.6 MPH)
Batting: RHB Ricky Davila 0-0: Foul Ball, location: 2F
0-1: Ball
1-1: Ball
2-1: Foul Ball, location: 2F
2-2: Foul Ball, location: 2F
2-2: Ball
3-2: Fly out, F8 (Flyball, 8RD, EV 98.1 MPH)
Top of the 1st over - 0 runs, 0 hits, 0 errors, 0 left on base; Vancouver 0 - Los Angeles N (SS-A) 0
BOTTOM OF THE 1ST
Los Angeles N (SS-A) Dodgers batting - Pitching for Vancouver Canadians : RHP Carlos Silverio
Pitching: RHP Carlos Silverio
Batting: RHB Matt Lewis 0-0: Ball
1-0: Ball
2-0: Called Strike
2-1: Ball
3-1: DOUBLE (Flyball, 78D, EV 93.8 MPH)
Batting: RHB Matt Pettit 0-0: Fly out, F9 (Line Drive, 9S, EV 94.4 MPH)
Batting: RHB Austin Vargas 0-0: SINGLE (Groundball, 6MD, EV 101.9 MPH)
Matt Lewis to third
Runner from 3rd tries for Home, SAFE, throw by CF to home
Austin Vargas to second
Batting: RHB Ted Hedrick 0-0: Called Strike
0-1: SINGLE (Groundball, 34D, EV 103.8 MPH)
Austin Vargas to third
Runner from 3rd tries for Home, SAFE, throw by RF to home
Batting: RHB Nolan Jones 0-0: Ball
1-0: Ball
2-0: Foul Ball, location: 5F
2-1: Grounds into double play, U4-3 (Groundball, 6MD, EV 80.6 MPH)
Bottom of the 1st over - 2 runs, 3 hits, 0 errors, 0 left on base; Vancouver 0 - Los Angeles N (SS-A) 2
TOP OF THE 2ND
Vancouver Canadians batting - Pitching for Los Angeles N (SS-A) Dodgers : RHP David Teems
Batting: SHB Luis Solano 0-0: Ball
1-0: Ball
2-0: Ball
3-0: Foul Ball, location: 2F
3-1: Base on Balls
Batting: LHB Fabio Lubbers 0-0: Foul Ball, location: 2F
0-1: Foul Ball, location: 23FF
0-2: Ball
1-2: Fielders Choice at 2nd, 4-6 (Groundball, 4, EV 103.1 MPH)
Batting: LHB Joe Miller 0-0: Foul Ball, location: 2F
0-1: Foul Ball, location: 3FF
0-2: Foul Ball, location: 7LMF
0-2: Foul Ball, location: 3F
0-2: Ball
1-2: Fly out, F9 (Line Drive, 9S, EV 95.6 MPH)
Batting: LHB Vince Hughes 0-0: Called Strike
0-1: Ball
Fabio Lubbers steals 2nd base
1-1: Swinging Strike
1-2: Ball
2-2: Ball
3-2: Strikes out swinging, 2-3 out at first.
Top of the 2nd over - 0 runs, 0 hits, 0 errors, 1 left on base; Vancouver 0 - Los Angeles N (SS-A) 2
BOTTOM OF THE 2ND
Los Angeles N (SS-A) Dodgers batting - Pitching for Vancouver Canadians : RHP Carlos Silverio
Batting: RHB Devin Gleason 0-0: Called Strike
0-1: Ground out 6-3 (Groundball, 6, EV 96.3 MPH)
Batting: RHB Earl Adams 0-0: Ball
1-0: Ball
2-0: Foul Ball, location: 2F
2-1: Foul Ball, location: 2F
2-2: Foul Ball, location: 2F
2-2: Strikes out swinging
Batting: SHB Kyle Carroll 0-0: Swinging Strike
0-1: Ball
1-1: Called Strike
1-2: Ball
2-2: Ground out 4-3 (Groundball, 4, EV 85.0 MPH)
Bottom of the 2nd over - 0 runs, 0 hits, 0 errors, 0 left on base; Vancouver 0 - Los Angeles N (SS-A) 2
TOP OF THE 3RD
Vancouver Canadians batting - Pitching for Los Angeles N (SS-A) Dodgers : RHP David Teems
Batting: RHB Mike Berry 0-0: Swinging Strike
0-1: Ball
1-1: Fly out, F7 (Flyball, 78D, EV 92.5 MPH)
Batting: RHB Kenny Franks 0-0: Called Strike
0-1: Ball
1-1: Ball
2-1: Fly out, F4 (Popup, 4S, EV 74.4 MPH)
Batting: RHB Matt Larsen 0-0: Called Strike
0-1: Ball
1-1: Foul Ball, location: 2F
1-2: Fly out, F3 (Popup, 23F, EV 83.1 MPH)
Top of the 3rd over - 0 runs, 0 hits, 0 errors, 0 left on base; Vancouver 0 - Los Angeles N (SS-A) 2
BOTTOM OF THE 3RD
Los Angeles N (SS-A) Dodgers batting - Pitching for Vancouver Canadians : RHP Carlos Silverio
Batting: RHB Steven Thomas 0-0: Ball
1-0: Foul Ball, location: 7LSF
1-1: Ball
2-1: Foul Ball, location: 3SF
2-2: Foul Ball, location: 2F
2-2: Ground out U3 (Groundball, 3S, EV 86.9 MPH)
Batting: RHB Matt Lewis 0-0: Ball
1-0: Foul Ball, location: 9LMF
1-1: Ball
2-1: Ball
3-1: Foul Ball, location: 9LMF
3-2: Fly out, F8 (Flyball, 8RD, EV 93.1 MPH)
Batting: RHB Matt Pettit 0-0: Ball
1-0: Called Strike
1-1: Called Strike
1-2: Ball
2-2: Foul Ball, location: 9LMF
2-2: Strikes out swinging
Bottom of the 3rd over - 0 runs, 0 hits, 0 errors, 0 left on base; Vancouver 0 - Los Angeles N (SS-A) 2
TOP OF THE 4TH
Vancouver Canadians batting - Pitching for Los Angeles N (SS-A) Dodgers : RHP David Teems
Batting: LHB Danny Valenzuelo 0-0: Ground out 5-3 (Groundball, 5S, EV 83.1 MPH)
Batting: RHB Ricky Davila 0-0: Foul Ball, location: 3SF
0-1: Foul Ball, location: 5F
0-2: Ball
1-2: Strikes out swinging
Batting: SHB Luis Solano 0-0: Ball
1-0: Called Strike
1-1: Foul Ball, location: 2F
1-2: TRIPLE (Line Drive, 89XD, EV 110.0 MPH)
Batting: LHB Fabio Lubbers 0-0: Called Strike
0-1: Ground out 4-3 (Groundball, 4D, EV 102.5 MPH)
Top of the 4th over - 0 runs, 1 hit, 0 errors, 1 left on base; Vancouver 0 - Los Angeles N (SS-A) 2
BOTTOM OF THE 4TH
Los Angeles N (SS-A) Dodgers batting - Pitching for Vancouver Canadians : RHP Carlos Silverio
Batting: RHB Austin Vargas 0-0: Called Strike
0-1: Swinging Strike
0-2: Ball
1-2: Foul Ball, location: 5FF
1-2: Ball
2-2: Strikes out swinging
Batting: RHB Ted Hedrick 0-0: Ball
1-0: SINGLE (Line Drive, 4D, EV 94.4 MPH)
Batting: RHB Nolan Jones 0-0: Foul Ball, location: 9LMF
0-1: Ball
1-1: Ball
2-1: Ball
3-1: Base on Balls
Ted Hedrick to second
Batting: RHB Devin Gleason 0-0: Foul Ball, location: 9LMF
0-1: Ball
1-1: Foul Ball, location: 9LMF
1-2: SINGLE (Groundball, 13, EV 86.9 MPH) (infield hit)
Ted Hedrick to third
Nolan Jones to second
Batting: RHB Earl Adams 0-0: Ball
1-0: Ball
2-0: Grounds into double play, 6-2-3 (Groundball, P, EV 88.8 MPH)
Bottom of the 4th over - 0 runs, 2 hits, 0 errors, 2 left on base; Vancouver 0 - Los Angeles N (SS-A) 2
TOP OF THE 5TH
Vancouver Canadians batting - Pitching for Los Angeles N (SS-A) Dodgers : RHP David Teems
Batting: LHB Joe Miller 0-0: Called Strike
0-1: Called Strike
0-2: Strikes out swinging, 2-3 out at first.
Batting: LHB Vince Hughes 0-0: Ball
1-0: Ball
2-0: Ground out U3 (Groundball, 34D, EV 81.3 MPH)
Batting: RHB Mike Berry 0-0: Ball
1-0: Called Strike
1-1: SINGLE (Groundball, 4MD, EV 101.9 MPH)
Batting: RHB Kenny Franks 0-0: Ball
1-0: Ground out U3 (Groundball, 34, EV 96.9 MPH)
Top of the 5th over - 0 runs, 1 hit, 0 errors, 1 left on base; Vancouver 0 - Los Angeles N (SS-A) 2
BOTTOM OF THE 5TH
Los Angeles N (SS-A) Dodgers batting - Pitching for Vancouver Canadians : RHP Carlos Silverio
Batting: SHB Kyle Carroll 0-0: Called Strike
0-1: Ball
1-1: DOUBLE (Flyball, 89D, EV 91.3 MPH)
Batting: RHB Steven Thomas 0-0: Ball
1-0: Ball
2-0: Foul Ball, location: 2F
2-1: Ball
3-1: Foul Ball, location: 9LDF
3-2: Foul Ball, location: 9LSF
3-2: Fly out, F8 (Flyball, 89M, EV 96.3 MPH)
Batting: RHB Matt Lewis 0-0: Ball
1-0: Ball
Wild Pitch!
Kyle Carroll to third
2-0: Ball
3-0: Called Strike
3-1: Swinging Strike
3-2: Foul Ball, location: 3F
3-2: Strikes out looking
Batting: RHB Matt Pettit 0-0: Foul Ball, location: 9LMF
0-1: Ball
1-1: Ball
2-1: Ball
3-1: Base on Balls
Pitching: LHP Antonio Guillen
Batting: RHB Austin Vargas 0-0: Foul Ball, location: 2F
0-1: Foul Ball, location: 5F
0-2: Ball
1-2: Foul Ball, location: 5SF
1-2: Ball
2-2: Foul Ball, location: 2LF
2-2: Strikes out swinging
Bottom of the 5th over - 0 runs, 1 hit, 0 errors, 2 left on base; Vancouver 0 - Los Angeles N (SS-A) 2
TOP OF THE 6TH
Vancouver Canadians batting - Pitching for Los Angeles N (SS-A) Dodgers : RHP David Teems
Batting: RHB Matt Larsen 0-0: Ball
1-0: Swinging Strike
1-1: Swinging Strike
1-2: Foul Ball, location: 2F
1-2: Strikes out swinging
Batting: LHB Danny Valenzuelo 0-0: Swinging Strike
0-1: Foul Ball, location: 3FF
0-2: Foul Ball, location: 9LMF
0-2: Ball
1-2: Ball
2-2: Ball
3-2: Strikes out swinging
Batting: RHB Ricky Davila 0-0: Ball
1-0: Fly out, F7 (Flyball, 78M, EV 91.9 MPH)
Top of the 6th over - 0 runs, 0 hits, 0 errors, 0 left on base; Vancouver 0 - Los Angeles N (SS-A) 2
BOTTOM OF THE 6TH
Los Angeles N (SS-A) Dodgers batting - Pitching for Vancouver Canadians : LHP Antonio Guillen
Batting: RHB Ted Hedrick 0-0: Ball
1-0: Ball
2-0: SINGLE (Groundball, 4, EV 106.3 MPH) (infield hit)
Batting: RHB Nolan Jones 0-0: Ball
1-0: Called Strike
1-1: Ball
2-1: Ball
3-1: Base on Balls
Ted Hedrick to second
Batting: RHB Devin Gleason 0-0: Foul Ball, location: 9LMF
0-1: Ball
1-1: Ball
2-1: Foul Ball, location: 5DF
2-2: Strikes out swinging
Batting: RHB Earl Adams 0-0: Ball
1-0: Fly out, F7 (Flyball, 78M, EV 90.0 MPH)
Batting: SHB Kyle Carroll 0-0: Foul Ball, location: 2RF
0-1: Ball
1-1: Called Strike
1-2: Fielders Choice at 2nd, 5-4 (Groundball, 56, EV 107.5 MPH)
Bottom of the 6th over - 0 runs, 1 hit, 0 errors, 2 left on base; Vancouver 0 - Los Angeles N (SS-A) 2
TOP OF THE 7TH
Vancouver Canadians batting - Pitching for Los Angeles N (SS-A) Dodgers : RHP David Teems
Batting: SHB Luis Solano 0-0: Foul Ball, location: 2F
0-1: Foul Ball, location: 9LSF
0-2: Strikes out looking
Batting: LHB Fabio Lubbers 0-0: Swinging Strike
0-1: Ball
1-1: Ball
2-1: Ball
3-1: Swinging Strike
3-2: Strikes out swinging
Batting: LHB Joe Miller 0-0: Called Strike
0-1: Swinging Strike
0-2: Foul Ball, location: 23FF
0-2: Ball
1-2: Ball
2-2: Ground out 4-3 (Groundball, 4, EV 83.1 MPH)
Top of the 7th over - 0 runs, 0 hits, 0 errors, 0 left on base; Vancouver 0 - Los Angeles N (SS-A) 2
BOTTOM OF THE 7TH
Los Angeles N (SS-A) Dodgers batting - Pitching for Vancouver Canadians : LHP Antonio Guillen
Batting: RHB Steven Thomas 0-0: Swinging Strike
0-1: Foul Ball, location: 3FF
0-2: Strikes out looking
Batting: RHB Matt Lewis 0-0: Called Strike
0-1: Swinging Strike
0-2: Ball
1-2: SINGLE (Groundball, P, EV 88.8 MPH) (infield hit)
Batting: RHB Matt Pettit 0-0: Ball
1-0: Called Strike
1-1: Foul Ball, location: 5DF
1-2: Ball
2-2: Fly out, F6 (Popup, 4MD, EV 51.9 MPH)
Pitching: RHP Jon Jackson
Batting: RHB Austin Vargas 0-0: Called Strike
0-1: Called Strike
0-2: Strikes out looking
Bottom of the 7th over - 0 runs, 1 hit, 0 errors, 1 left on base; Vancouver 0 - Los Angeles N (SS-A) 2
TOP OF THE 8TH
Vancouver Canadians batting - Pitching for Los Angeles N (SS-A) Dodgers : RHP David Teems
Pitching: RHP Pablo Castaneda
Batting: LHB Vince Hughes 0-0: Swinging Strike
0-1: Ball
1-1: Ball
2-1: SINGLE (Groundball, 6MD, EV 101.3 MPH)
Pinch Hitting: LHB Alex Rangel 0-0: Ball
1-0: Foul Ball, location: 2F
1-1: Foul Ball, location: 7LSF
1-2: Strikes out swinging
Batting: RHB Kenny Franks 0-0: Ball
1-0: Ball
2-0: Ball
3-0: Called Strike
3-1: Base on Balls
Vince Hughes to second
Batting: RHB Matt Larsen 0-0: Swinging Strike
0-1: Foul Ball, location: 7LMF
0-2: TRIPLE (Line Drive, 78XD, EV 100.6 MPH)
Vince Hughes scores
Kenny Franks scores
Batting: LHB Danny Valenzuelo 0-0: Called Strike
0-1: Ball
1-1: Ball
2-1: Called Strike
2-2: Ball
3-2: Foul Ball, location: 2F
3-2: Strikes out looking
Batting: RHB Ricky Davila 0-0: Called Strike
0-1: SINGLE (Groundball, 13, EV 68.1 MPH) (infield hit)
Matt Larsen scores
Batting: SHB Luis Solano 0-0: Foul Ball, location: 3FF
0-1: SINGLE (Line Drive, 89S, EV 89.4 MPH)
Ricky Davila to second
Runner from 2nd tries for 3rd, SAFE, throw by RF made to third
Batting: LHB Fabio Lubbers 0-0: Ball
1-0: Ball
2-0: Fly out, F7 (Flyball, 7, EV 93.8 MPH)
Top of the 8th over - 3 runs, 4 hits, 0 errors, 2 left on base; Vancouver 3 - Los Angeles N (SS-A) 2
BOTTOM OF THE 8TH
Los Angeles N (SS-A) Dodgers batting - Pitching for Vancouver Canadians : RHP Jon Jackson
Pitching: RHP Justin Forsythe
Now at 1B: Jake DeMasi
Batting: RHB Ted Hedrick 0-0: Ball
1-0: Foul Ball, location: 2F
1-1: Ground out 6-3 (Groundball, 6, EV 100.0 MPH)
Batting: LHB Micah Vogel 0-0: Called Strike
0-1: Foul Ball, location: 3FF
0-2: Ball
1-2: Ball
2-2: Foul Ball, location: 2F
2-2: Foul Ball, location: 7LDF
2-2: Strikes out swinging
Pinch Hitting: LHB Josh Errickson 0-0: Ball
1-0: Called Strike
1-1: Swinging Strike
1-2: Ground out 6-3 (Groundball, 56S, EV 73.1 MPH)
Bottom of the 8th over - 0 runs, 0 hits, 0 errors, 0 left on base; Vancouver 3 - Los Angeles N (SS-A) 2
TOP OF THE 9TH
Vancouver Canadians batting - Pitching for Los Angeles N (SS-A) Dodgers : RHP Pablo Castaneda
Now at 1B: Josh Errickson
Batting: LHB Joe Miller 0-0: Swinging Strike
0-1: Ball
1-1: Called Strike
1-2: Ball
2-2: Foul Ball, location: 2F
2-2: SINGLE (Groundball, 34D, EV 104.4 MPH)
Batting: LHB Vince Hughes 0-0: Ball
1-0: Grounds into double play, 6-4-3 (Groundball, 6, EV 96.3 MPH)
Pinch Hitting: RHB Ryan Humphreys 0-0: Ball
1-0: Called Strike
1-1: Swinging Strike
1-2: Ball
2-2: Strikes out swinging
Top of the 9th over - 0 runs, 1 hit, 0 errors, 0 left on base; Vancouver 3 - Los Angeles N (SS-A) 2
BOTTOM OF THE 9TH
Los Angeles N (SS-A) Dodgers batting - Pitching for Vancouver Canadians : RHP Justin Forsythe
Now at 1B: Oscar Solis
Pinch Hitting: LHB Aaron Himebauch 0-0: Hit by Pitch
Pinch Hitting: LHB Greg Weeks 0-0: Grounds into double play, 6-4-3 (Groundball, 6, EV 98.8 MPH)
Pinch Hitting: LHB Nate Davis 0-0: Foul Ball, location: 7LDF
0-1: Ball
1-1: Foul Ball, location: 2F
1-2: Strikes out swinging
Bottom of the 9th over - 0 runs, 0 hits, 0 errors, 0 left on base; Vancouver 3 - Los Angeles N (SS-A) 2
Friday, April 12th , 2024 - OOTP Baseball 24.11 Build 85